 Dungeon Crawl Stone Soup version 0.21-a0-630-g344d351 (webtiles) character file.

535 mortelune the Conjurer (level 7, 0/55 HPs)
             Began as a White Draconian Fire Elementalist on Dec 26, 2017.
             Succumbed to a water moccasin's poison
             ... on level 5 of the Dungeon.
             The game lasted 00:19:53 (5292 turns).

mortelune the Conjurer (DrFE)                       Turns: 5292, Time: 00:19:54

Health: 0/55       AC:  7    Str: 11    XL:     7   Next: 4%
Magic:  12/12      EV: 12    Int: 17    God:
Gold:   188        SH:  3    Dex: 11    Spells: 7/13 levels left

rFire    . . .     SeeInvis .   j - +1 short sword (venom)
rCold    + . .     Gourm    .   (no shield)
rNeg     . . .     Faith    .   (armour unavailable)
rPois    .         Spirit   .   c - +1 hat
rElec    .         Reflect  +   (no cloak)
rCorr    .         Harm     .   (no gloves)
MR       .....                  (no boots)
Stlth    ++........             s - +3 amulet of reflection
HPRegen  0.18/turn              (no ring)
MPRegen  0.13/turn              (no ring)

@: lethally poisoned (0 -> -17)
A: breathe frost, unfitting armour, cold resistance 1, cold-blooded, AC +6
a: Breathe Frost


You were on level 5 of the Dungeon.
You were not hungry.

You visited 2 branches of the dungeon, and saw 6 of its levels.

You collected 188 gold pieces.

Inventory:

Hand Weapons
 j - a +1 short sword of venom (weapon)
Armour
 c - a +1 hat (worn)
Jewellery
 s - a +3 amulet of reflection (around neck)
Scrolls
 g - 5 scrolls of magic mapping
 h - 2 scrolls of teleportation
 k - a scroll of immolation {unknown}
 n - a scroll of random uselessness {unknown}
 o - a scroll of enchant armour {unknown}
 q - a scroll of amnesia {unknown}
 r - 2 scrolls of remove curse
Potions
 d - a potion of flight
 e - 3 potions of agility
 f - a potion of curing
 i - a potion of berserk rage
 l - a potion of cancellation
 m - a potion of magic {unknown}
 p - 2 potions of lignification {unknown}
Books
 a - a book of Flames

   Spells                             Type                      Level
   a - Flame Tongue                   Conjuration/Fire             1
   b - Throw Flame                    Conjuration/Fire             2
   c - Conjure Flame                  Conjuration/Fire             3
   d - Inner Flame                    Hexes/Fire                   3
   e - Sticky Flame                   Conjuration/Fire             4
   f - Fireball                       Conjuration/Fire             5
Comestibles
 b - 11 rations
 t - 2 chunks of flesh


   Skills:
 + Level 2.0 Fighting
 - Level 2.7 Dodging
 - Level 1.7 Stealth
 + Level 3.6 Spellcasting
 * Level 4.7 Conjurations
 + Level 3.6 Fire Magic


You had 7 spell levels left.
You knew the following spells:

 Your Spells              Type           Power        Failure   Level  Hunger
a - Flame Tongue          Conj/Fire      ###..        3%          1    None
b - Throw Flame           Conj/Fire      ###...       4%          2    ##.....
c - Conjure Flame         Conj/Fire      ###.....     9%          3    ###....


Dungeon Overview and Level Annotations

Branches:
Dungeon (5/15)             Temple (1/1) D:4

Altars:
Ashenzari
Cheibriados
Elyvilon
Gozag
Makhleb
Okawaru
Qazlal
Sif Muna
Wu Jian

Annotations:
D:4 Edmund


Innate Abilities, Weirdness & Mutations

You can breathe waves of freezing cold.
You can buffet flying creatures when you breathe cold.
Your icy white scales are hard. (AC +6)
You cannot fit into any form of body armour.
Your flesh is cold resistant. (rC+)
You are cold-blooded and may be slowed by cold attacks.


Message History

* * * LOW HITPOINT WARNING * * *
You feel sick. The orc barely misses you.
The water moccasin closely misses you. The orc hits you but does no damage.
You barely miss the water moccasin.
The water moccasin is heavily wounded.
* * * LOW HITPOINT WARNING * * *
You feel sick.
The water moccasin bites you but does no damage.
The water moccasin bites you.
* * * LOW HITPOINT WARNING * * *
The orc hits you but does no damage.
You miss the water moccasin.
The water moccasin is heavily wounded.
* * * LOW HITPOINT WARNING * * *
You feel sick. The water moccasin closely misses you.
The orc hits you but does no damage.
You hit the water moccasin but do no damage.
The water moccasin is poisoned.
The water moccasin is heavily wounded.
You die...

. #....#.##
#.####.........
#........##...#
...####...##?.##
...(.S.)........
.....!#..###..###
......#..# .#
..... #oS###..#
##.## #.@.....#
#.........##.#
#........!#
#.........#
#.......$.#
#.........#
#...[.....#
###########


You could see a water moccasin and an orc.

Vanquished Creatures
  Duvessa (D:4)
  Dowan (D:4)
  A scorpion (D:4)
  The ghost of Dustman the Grave Robber, a weakling HuNe (D:3)
  A howler monkey (D:4)
  2 hounds
  2 worker ants
  6 adders
  An ooze (D:1)
  An adder skeleton (D:4)
  4 worms
  A dart slug (D:1)
  3 leopard geckos
  13 orcs
  A ball python (D:3)
  4 giant cockroaches
  7 goblins
  3 hobgoblins
  2 quokkas (D:2)
  8 bats
  4 frilled lizards
  7 kobolds
  A leopard gecko skeleton (D:4)
  6 rats
81 creatures vanquished.

Notes
Turn   | Place    | Note
-------+----------+-------------------------------------------
     0 | D:1      | mortelune the Draconian Fire Elementalist began the quest for the Orb.
     0 | D:1      | Reached XP level 1. HP: 14/14 MP: 3/3
   180 | D:1      | Reached XP level 2. HP: 20/20 MP: 1/5
   227 | D:1      | Learned a level 2 spell: Throw Flame
  1138 | D:1      | Reached skill level 2 in Conjurations
  1164 | D:1      | Reached XP level 3. HP: 26/26 MP: 3/6
  1412 | D:2      | Learned a level 3 spell: Conjure Flame
  1692 | D:2      | Reached XP level 4. HP: 20/33 MP: 1/7
  2515 | D:3      | Found a stormy altar of Qazlal.
  2539 | D:3      | Noticed Dustman's ghost (weakling HuNe)
  2550 | D:3      | Killed Dustman's ghost
  2550 | D:3      | Reached skill level 3 in Conjurations
  2550 | D:3      | Reached XP level 5. HP: 38/38 MP: 0/9
  3894 | D:4      | Found a staircase to the Ecumenical Temple.
  3905 | Temple   | Entered the Ecumenical Temple
  4164 | D:4      | Reached skill level 1 in Fighting
  4164 | D:4      | Reached skill level 4 in Conjurations
  4164 | D:4      | Reached XP level 6. HP: 42/47 MP: 6/10
  4449 | D:4      | Noticed Duvessa
  4451 | D:4      | Noticed Dowan
  4885 | D:4      | Noticed Edmund
  5077 | D:4      | Killed Dowan
  5129 | D:4      | Killed Duvessa
  5129 | D:4      | Your scales start taking on an icy white colour.
  5129 | D:4      | Reached XP level 7. HP: 39/55 MP: 4/12
  5129 | D:4      | Gained mutation: Your flesh is cold resistant. (rC+) [White Draconian growth]
  5247 | D:5      | Entered Level 5 of the Dungeon
  5291 | D:5      | HP: 2/55 [poisoned by a water moccasin]
  5292 | D:5      | Succumbed to a water moccasin's poison

Vault maps used:
D:1:      evilmike_arrival_home_sweet_home
D:2:      minmay_strange_pillars
D:3:      minmay_misc_feat_doors, grunt_qazlal_clouds
D:4:      minmay_temple_entry_junction_2, uniq_edmund, uniq_duvessa,
          uniq_sigmund
D:5:      first_ration, hangedman_feature_mirror
Temple:   grunt_temple_mini_profane

Skill      XL: |  1  2  3  4  5  6 |
---------------+-------------------+-----
Dodging        | 2 |  2.7
Conjurations   | 2 3 4 |  4.7
Spellcasting   | 3 |  3.6
Fire Magic     | 4 3 |  3.6
Fighting       | 1 2 |  2.0
Stealth        | |  1.7

Action                   |  1- 3 |  4- 6 |  7- 9 || total
-------------------------+-------+-------+-------++-------
Melee: Unarmed           |     5 |       |       ||     5
       Tailslap          |     4 |     2 |     2 ||     8
       Short sword       |    12 |    14 |    33 ||    59
 Cast: Flame Tongue      |    38 |    92 |       ||   130
       Throw Flame       |    16 |    23 |       ||    39
       Conjure Flame     |       |     3 |       ||     3
  Use: Scroll            |       |     8 |       ||     8
 Stab: Sleeping          |       |     2 |       ||     2
  Eat: Chunk             |     4 |     8 |     1 ||    13
       Ration            |       |     1 |       ||     1
Armor: Skin              |    10 |    12 |    17 ||    39
Dodge: Dodged            |    33 |    19 |    27 ||    79
Block: Other             |       |       |    10 ||    10

Table legend:
 A = Spawn XP
 B = Non-spawn XP
 C = Spawn XP percentage of total XP
 D = Spawn monster count
 E = Non-spawn monster count
 F = Spawn count percentage of total count
 G = Total turns spent on level
                    A         B        C        D         E        F      G
               +---------+---------+-------+---------+---------+-------+---------
         Total |       0 |     765 |   0.0 |       0 |      81 |   0.0 |  5292
               +---------+---------+-------+---------+---------+-------+---------
           D:1 |       0 |      42 |   0.0 |       0 |      21 |   0.0 |  1206
           D:2 |       0 |      88 |   0.0 |       0 |      18 |   0.0 |  1254
           D:3 |       0 |     166 |   0.0 |       0 |      22 |   0.0 |  1283
           D:4 |       0 |     460 |   0.0 |       0 |      17 |   0.0 |  1254
           D:5 |       0 |       9 |   0.0 |       0 |       3 |   0.0 |    45
               +---------+---------+-------+---------+---------+-------+---------
